 Dungeon Crawl Stone Soup version 0.31.0-32-g396128a36d (webtiles) character file.

Game seed: 1796187857035861377

82 Fractals the Digger (level 4, -1/27 HPs)
             Began as a Gargoyle Earth Elementalist on Apr 11, 2024.
             Slain by Terence
             ... wielding a +1 flail of protection
              (9 damage)
             ... on level 2 of the Dungeon.
             The game lasted 00:07:55 (1312 turns).

Fractals the Digger (Gargoyle Earth Elementalist)   Turns: 1312, Time: 00:07:56

Health: -1/27      AC:  6    Str: 14    XL:     4   Next: 43%
Magic:  0/8        EV: 11    Int: 15    God:
Gold:   59         SH:  0    Dex: 10    Spells: 1/8 levels left

rFire   . . .        h - staff of conjuration
rCold   . . .        (no shield)
rNeg    + . .        a - +0 robe
rPois   ∞            (no helmet)
rElec   +            (no cloak)
rCorr   .            i - +0 pair of gloves
SInv    .            (no boots)
Will    .....        d - amulet of guardian spirit
Stlth   ++           (no ring)
HPRegen 0.24/turn    (no ring)
MPRegen 0.11/turn

%: guardian spirit
@: no status effects
A: sickness immunity, AC +3, negative energy resistance 1, electricity
resistance, torment resistance 1, petrification resistance
a: no special abilities


You were on level 2 of the Dungeon.
You visited 1 branch of the dungeon, and saw 2 of its levels.

You collected 59 gold pieces.

Inventory:

Armour
 a - a +0 robe (worn)
 i - a +0 pair of gloves (worn)
Magical Staves
 h - a staff of conjuration (weapon)
Jewellery
 d - an amulet of guardian spirit (around neck)
Scrolls
 e - a scroll of identify {unknown}


   Skills:
 - Level 2.5 Fighting
 - Level 1.5 Dodging
 - Level 3.0 Stealth
 + Level 2.9 Spellcasting
 - Level 1.1 Conjurations
 + Level 3.9 Earth Magic


You had one spell level left.
You knew the following spells:

 Your Spells              Type           Power      Damage    Failure   Level
a - Sandblast             Erth           26%        2d8       4%          1
b - Passwall              Erth           13%        N/A       12%         3
c - Stone Arrow           Conj/Erth      28%        3d8       22%         3

Your spell library contained the following spells:

 Spells                   Type           Power      Damage    Failure   Level
 Magic Dart               Conj           32%        1d4       13%         1
 Blink                    Tloc           4%         N/A       30%         2
 Call Imp                 Summ           4%         N/A       30%         2
 Gell's Gravitas          Tloc           2%         N/A       52%         3
 Teleport Other           Tloc           2%         N/A       52%         3
 Brom's Barrelling Bould  Conj/Erth      14%        2d4       56%         4
 Petrify                  Alch/Erth      8%         N/A       65%         4
 Dispersal                Tloc           1%         N/A       100%        6


Dungeon Overview and Level Annotations

Branches:
Dungeon (2/15)

Altars:

Annotations:
D:2 Terence


Innate Abilities, Weirdness & Mutations

You are immune to sickness and miasma.
Your stone body is resilient. (AC +3)
You are immune to poison.
You resist negative energy. (rN+)
You are resistant to electric shocks. (rElec)
You are resistant to unholy torment.
You are immune to petrification.


Message History

Terence shouts, "Now you die!"
Terence hits you with a +1 flail of protection!
You hit Terence but do no damage.
Terence is severely wounded.
Terence hits you with a +1 flail of protection.
You barely miss Terence.
Terence is severely wounded.
Terence hits you with a +1 flail of protection. x2
* * * LOW HITPOINT WARNING * * *
Unknown command.
It was a potion of heal wounds.
You feel much better. Terence closely misses you.
Okay, then.
You hit Terence but do no damage.
Terence is severely wounded.
Terence hits you with a +1 flail of protection.
You hit Terence but do no damage.
Terence is severely wounded.
Terence closely misses you. Terence attacks as he pursues you!
Terence hits you with a +1 flail of protection.
You see here a ball python corpse.
Casting: Sandblast (safe; 4% risk of failure)
Confirm with . or Enter, or press ? or * to list all spells.
Aiming: Sandblast (safe; 4% risk of failure)
Press: ? - help, Shift-Dir - straight line, f/p - Terence
Aim: Terence, wielding a +1 flail of protection and wearing a +0 scale mail (severely wounded, 84% to hit)
The blast of sand hits Terence but does no damage.
Terence is severely wounded.
Terence hits you with a +1 flail of protection.
You hit Terence.
Terence is almost dead.
Terence hits you with a +1 flail of protection.
* * * LOW HITPOINT WARNING * * *
Terence closely misses you.
Unknown command.
It was a potion of cancellation.
You feel magically purged.
Terence hits you with a +1 flail of protection!
You die...
Terence says, "That felt goooood."

#############
#.......@@..#
##.########.#
#.#......#.#
#.#.####.#.#
#.##........#.#
#.####.######.#
.....#.##...#.#
#.#.##.#.....<#.##
#.#.#............#.


You could see Terence.

Vanquished Creatures
  Jessica (D:2)
  2 adders (D:2)
  2 endoplasms
  2 giant cockroaches
  3 goblins
  3 hobgoblins (D:1)
  4 jackals (D:1)
  4 kobolds
  5 ball pythons
  8 bats
  2 frilled lizards (D:1)
  2 rats
38 creatures vanquished.

Notes
Turn   | Place    | Note
-------+----------+-------------------------------------------
     0 | D:1      | Fractals the Gargoyle Earth Elementalist began the quest
                  | for the Orb.
     0 | D:1      | Reached XP level 1. HP: 10/10 MP: 3/3
   181 | D:1      | Reached skill level 1 in Fighting
   191 | D:1      | Reached XP level 2. HP: 16/16 MP: 3/5
   620 | D:2      | Noticed Jessica
   622 | D:2      | Killed Jessica
   623 | D:2      | Reached XP level 3. HP: 22/22 MP: 3/6
   655 | D:2      | Learned a level 3 spell: Passwall
   792 | D:2      | Reached XP level 4. HP: 27/27 MP: 4/7
  1239 | D:2      | Learned a level 3 spell: Stone Arrow
  1270 | D:2      | Noticed Terence
  1312 | D:2      | Slain by Terence

Illustrated notes

Levels and vault maps discovered:
D:1:      lemuel_arrival_broad_hall, layout_rooms, minmay_misc_feat_pillars
D:2:      layout_basic, nicolae_kite_square_tiling_tiny, dk_noncrumbling_4,
          uniq_jessica, uniq_crazy_yiuf_cottage, uniq_terence

Skill      XL: |  1  2 |
---------------+-------+-----
Fighting       | 1 2 |  2.5
Stealth        | 3 |  3.0
Dodging        | |  1.5
Spellcasting   | |  2.9
Conjurations   | |  1.1
Earth Magic    | |  3.9

Action                     |  1- 3 |  4- 6 || total
---------------------------+-------+-------++-------
  Melee: Dagger            |    19 |     9 ||    28
         Punch             |     1 |       ||     1
         Staff             |       |     8 ||     8
   Cast: Sandblast         |    31 |    22 ||    53
         Stone Arrow       |       |     1 ||     1
    Use: Potion            |     1 |     2 ||     3
 Armour: Robe              |    28 |    18 ||    46
  Dodge: Dodged            |    15 |    11 ||    26
